 Dungeon Sprint DCSS version 0.29.1-12-g30fa7ad0bf (webtiles) character file.

Game seed: 12932556164464279738

5074 Groucho the Unseen (level 10, -11/46 HPs)
             Began as a Spriggan Enchanter on Dec 11, 2022.
             Was a Priest of Dithmenos.
             Mangled by a crystal guardian (32 damage)
             ... in the Dungeon (Sprint II: "The Violet Keep of Menkaure") on Dec 17, 2022.
             The game lasted 00:06:23 (514 turns).

Groucho the Unseen (Spriggan Enchanter)              Turns: 514, Time: 00:06:24

Health: -11/46     AC:  3    Str:  8    XL:     10   Next: 31%
Magic:  29/29      EV: 19    Int: 17    God:    Dithmenos [***...]
Gold:   715        SH:  0    Dex: 16    Spells: 26/37 levels left

rFire   + . .      SeeInvis +   a - +1 dagger
rCold   . . .      Faith    .   (no shield)
rNeg    . . .      Spirit   .   f - +0 robe {rF+}
rPois   +          Reflect  .   (helmet restricted)
rElec   .          Harm     .   j - +0 cloak
rCorr   .          Rampage  .   (gloves unavailable)
Will    +....      NoTele   +   (boots unavailable)
Stlth   ++++++++++              (no amulet)
HPRegen 0.15/turn               d - ring of flight
MPRegen 0.21/turn               e - ring of poison resistance

@: flying, wreathed by umbra, invisible, very quick
A: very small, no large weapons, unfitting armour, see invisible, speed 3
a: Renounce Religion, Shadow Step


You were in the Dungeon.
You worshipped Dithmenos.
Dithmenos was most pleased with you.
You visited 1 branch You collected 1228 gold pieces.
You spent 513 gold pieces at shops.

Inventory:

Hand Weapons
 a - a +1 dagger (weapon)
Armour
 f - a +0 robe of fire resistance (worn)
 j - a +0 cloak (worn)
Jewellery
 d - a ring of flight (left hand)
 e - a ring of poison resistance (right hand)
Scrolls
 i - a scroll of blinking
Potions
 g - 2 potions of magic
 h - a potion of berserk rage


   Skills:
 + Level 2.0 Fighting
 * Level 13.1 Short Blades
 + Level 4.6 Dodging
 - Level 19.3 Stealth
 + Level 14.1 Spellcasting
 * Level 2.7 Conjurations
 + Level 14.4 Hexes
 + Level 2.4 Invocations


You had 26 spell levels left.
You knew the following spells:

 Your Spells              Type           Power      Damage    Failure   Level
a - Ensorcelled Hibernat  Hex/Ice        72%        N/A       1%          2
b - Confusing Touch       Hex            57%        N/A       1%          3
c - Dazzling Flash        Conj/Hex       82%        N/A       1%          3
d - Tukima's Dance        Hex            57%        N/A       1%          3

Your spell library contained the following spells:

 Spells                   Type           Power      Damage    Failure   Level
 Summon Guardian Golem    Hex/Summ       36%        N/A       1%          3
 Orb of Destruction       Conj           10%        9d6       100%        7
 Spellforged Servitor     Conj/Summ      8%         N/A       100%        7


Dungeon Overview and Level Annotations

Branches:
Dungeon (1/1)

Altars:
Cheibriados
Dithmenos
Elyvilon
Fedhas
Gozag
Hepliaklqana
Kikubaaqudgha
Makhleb
Nemelex Xobeh
Okawaru
Qazlal
Ru
Sif Muna
Trog
Uskayaw
Vehumet
Wu Jian
Xom
Yredelemnul
Zin
The Shining One
Jiyva
Lugonu

Shops:
D [=:!?[?(=:[*!=[

Annotations:
D exclusion: oklob plant


Innate Abilities, Weirdness & Mutations

You are very small and have problems with some larger weapons.
You are too small for most types of armour.
You have supernaturally acute eyesight. (SInv)
You cover ground extremely quickly. (Speed+++)


Message History

Your Spellcasting skill increases to level 14!
Your Conjurations skill increases to level 2!
Your Invocations skill increases to level 2!
You see here a hornet corpse.
The helpless yaktaur fails to defend itself.
You perforate the yaktaur like a sieve!!!!!
You kill the yaktaur!
Dithmenos accepts your kill.
You will now sometimes bleed smoke when heavily injured by enemies.
Your Short Blades skill increases to level 13!
You now have 715 gold pieces (gained 81).
Things that are here:
a +0 arbalest; a yaktaur corpse You see here a hornet corpse.
A death drake, a crystal guardian and a swamp drake come into view.
Found 3 fizzy emerald potions.
The helpless swamp drake fails to defend itself.
You skewer the swamp drake like a kebab!!!!!
You kill the swamp drake!
Dithmenos accepts your kill.
The helpless swamp drake fails to defend itself.
You stick the swamp drake like a pincushion!!!!!
You kill the swamp drake!
Dithmenos accepts your kill.
Your Fighting skill increases to level 2!
The crystal guardian hits you.
The death drake hisses angrily.
The death drake completely misses you. The crystal guardian hits you!!
Ouch! That really hurt!
You emit a cloud of dark smoke.
You catch the helpless death drake completely off-guard!
You perforate the death drake like a sieve!!!
The death drake is severely wounded.
The death drake completely misses you. x2
You closely miss the death drake.
The death drake is severely wounded.
The death drake breathes miasma at you. The foul vapour misses you.
The crystal guardian hits you!!
Ouch! That really hurt!
You die...

##++## ##≈...### #)§§....###
++# ####..^.#k## .. +^...#@k#
##+##.. ####.#§9#
#.#.##.####..'.##§# ..#†.#
...#..#...####
#.#.####..#####..##)# $!!
##'###†##..#..'..#††#▓)?($!
##.##.†.#..#..#..#..#▓!!?$!
'.<.'##.'..####..##.#▓!?$!?$?
##.##.†.#....###^..##▓▓▓▓▓▓▓+


You could see 2 death drakes and a crystal guardian.

Vanquished Creatures
  A deep elf master archer (D)
  2 boulder beetles (D)
  A death yak (D)
  A yaktaur (D)
  3 polar bears (D)
  A hornet (D)
  Menkaure (D)
  A water moccasin (D)
  2 swamp drakes (D)
  3 black bears (D)
  4 necrophages (D)
  4 scorpions (D)
  3 worms (D)
27 creatures vanquished.

Notes
Turn   | Place    | Note
-------+----------+-------------------------------------------
     0 | D        | Groucho the Spriggan Enchanter began the quest for the Orb.
     0 | D        | Reached XP level 1. HP: 9/9 MP: 5/5
     1 | D        | Noticed a boulder beetle
     1 | D        | Noticed a boulder beetle
     2 | D        | Upgraded the game from 0.29.1-4-g47bece8355 to
                  | 0.29.1-12-g30fa7ad0bf
    10 | D        | Reached skill level 5 in Stealth
    14 | D        | Reached skill level 6 in Stealth
    14 | D        | Reached XP level 2. HP: 13/13 MP: 7/7
    17 | D        | Noticed a scorpion
    17 | D        | Noticed a scorpion
    17 | D        | Noticed a scorpion
    17 | D        | Noticed a scorpion
    20 | D        | Killed a scorpion
    21 | D        | Reached skill level 8 in Stealth
    21 | D        | Reached skill level 5 in Hexes
    21 | D        | Reached XP level 3. HP: 16/16 MP: 8/10
    21 | D        | Killed a scorpion
    22 | D        | Reached skill level 10 in Stealth
    22 | D        | Reached skill level 5 in Spellcasting
    22 | D        | Reached XP level 4. HP: 21/21 MP: 8/12
    24 | D        | Killed a scorpion
    25 | D        | Reached skill level 5 in Short Blades
    25 | D        | Reached skill level 11 in Stealth
    25 | D        | Reached XP level 5. HP: 24/24 MP: 8/14
    26 | D        | Reached skill level 12 in Stealth
    33 | D        | Reached skill level 13 in Stealth
    33 | D        | Reached XP level 6. HP: 28/28 MP: 9/17
    34 | D        | Reached skill level 14 in Stealth
    52 | D        | Killed a boulder beetle
    53 | D        | Reached skill level 17 in Stealth
    53 | D        | Reached skill level 10 in Hexes
    53 | D        | Reached XP level 7. HP: 32/32 MP: 12/21
    53 | D        | Reached XP level 8. HP: 36/36 MP: 12/22
    55 | D        | Killed a boulder beetle
    56 | D        | Reached skill level 19 in Stealth
    56 | D        | Reached skill level 10 in Spellcasting
    79 | D        | Found Urreude's Distillery.
    79 | D        | Found Uwoocikk's Jewellery Shoppe.
    79 | D        | Found Jaecuoho's Armour Emporium.
    79 | D        | Found Vaulodgh's General Store.
    79 | D        | Found Coech's Jewellery Shoppe.
    79 | D        | Found Viha's Book Shoppe.
    80 | D        | Found Gunlag's Antique Weapon Shoppe.
    80 | D        | Found Egegiagyb's Magic Scroll Emporium.
    81 | D        | Found Digu's Antique Armour Shoppe.
    81 | D        | Found Simaust's Antique Armour Emporium.
    81 | D        | Found Fedghabot's Magic Scroll Emporium.
    81 | D        | Noticed Menkaure
    81 | D        | Noticed a slime creature
    87 | D        | Learned a level 2 spell: Ensorcelled Hibernation
    91 | D        | Learned a level 3 spell: Confusing Touch
    95 | D        | Learned a level 3 spell: Dazzling Flash
    99 | D        | Learned a level 3 spell: Tukima's Dance
   129 | D        | Killed Menkaure
   136 | D        | Found Joetym's Distillery.
   136 | D        | Noticed a slime creature
   136 | D        | Noticed a slime creature
   136 | D        | Noticed an oklob plant
   137 | D        | Found Edest's Jewellery Shoppe.
   137 | D        | Found Zoasupt's Armour Emporium.
   137 | D        | Found Hyloc's Book Shoppe.
   138 | D        | Noticed an unseen horror
   158 | D        | Noticed an unseen horror
   164 | D        | Bought a ring of flight for 175 gold pieces
   164 | D        | Bought a ring of poison resistance for 200 gold pieces
   172 | D        | Bought an embroidered robe for 62 gold pieces
   172 | D        | Bought a cloak for 76 gold pieces
   228 | D        | Found a snail-covered altar of Cheibriados.
   229 | D        | Found a shadowy altar of Dithmenos.
   229 | D        | Found a viscous altar of Jiyva.
   230 | D        | Found a white marble altar of Elyvilon.
   230 | D        | Found an ancient bone altar of Kikubaaqudgha.
   231 | D        | Found a blossoming altar of Fedhas.
   231 | D        | Found a corrupted altar of Lugonu.
   231 | D        | Found a shimmering blue altar of Sif Muna.
   232 | D        | Found an opulent altar of Gozag.
   232 | D        | Found a burning altar of Makhleb.
   232 | D        | Found a bloodstained altar of Trog.
   233 | D        | Found a sparkling altar of Nemelex Xobeh.
   233 | D        | Found a hide-covered altar of Uskayaw.
   234 | D        | Found a basalt altar of Yredelemnul.
   235 | D        | Found an iron altar of Okawaru.
   235 | D        | Found a radiant altar of Vehumet.
   235 | D        | Found a glowing silver altar of Zin.
   235 | D        | Found a hazy altar of Hepliaklqana.
   235 | D        | Found a sacrificial altar of Ru.
   235 | D        | Found a shimmering altar of Xom.
   236 | D        | Found a stormy altar of Qazlal.
   236 | D        | Found an ornate altar of the Wu Jian Council.
   236 | D        | Found a glowing golden altar of the Shining One.
   248 | D        | Became a worshipper of Dithmenos the Shadowed
   257 | D        | Noticed a death yak
   259 | D        | Killed a death yak
   260 | D        | Reached skill level 10 in Short Blades
   260 | D        | Reached XP level 9. HP: 39/39 MP: 24/26
   275 | D        | Reached * piety under Dithmenos
   463 | D        | Noticed a deep elf master archer
   468 | D        | Killed a deep elf master archer
   481 | D        | Noticed a death drake
   486 | D        | Noticed a yaktaur
   486 | D        | Noticed a polar bear
   487 | D        | Noticed a polar bear
   487 | D        | Noticed a polar bear
   488 | D        | Killed a polar bear
   488 | D        | Reached ** piety under Dithmenos
   489 | D        | Reached skill level 1 in Conjurations
   489 | D        | Reached XP level 10. HP: 44/44 MP: 28/28
   490 | D        | Reached skill level 1 in Fighting
   490 | D        | Reached skill level 1 in Invocations
   494 | D        | Reached *** piety under Dithmenos
   508 | D        | Noticed a death drake
   508 | D        | Noticed a crystal guardian
   514 | D        | Mangled by a crystal guardian

Illustrated notes

Levels and vault maps discovered:
D:        the_violet_keep_of_menkaure [sprint2_stairs_cluster_1,
          sprint2_shoproom, sprint2_temple, sprint2_basic_supplies,
          sprint2_obstacle_7, sprint2_obstacle_5, sprint2_obstacle_1,
          sprint2_obstacle_2, sprint2_obstacle_6, sprint2_timed_cluster_1,
          sprint2_smallroom_cluster_1, sprint2_smallroom_final_cluster_1,
          sprint2_transparent_cluster_1, sprint2_second_timed_cluster_1,
          sprint2_sniper_area_1, sprint2_heavy_combat_area_1,
          sprint2_mutation_trap_area_1, sprint2_forest_area_1,
          sprint2_light_combat_area_1, sprint2_behind_water_1,
          sprint2_near_end_vault_1]

Skill      XL: |  1  2  3  4  5  6  7  8  9 10 |
---------------+-------------------------------+-----
Stealth        | 6 8 10 11 13 17 19 | 19.3
Spellcasting   | 3 4 5 6 7 9 12 13 14 | 14.1
Hexes          | 4 5 6 7 8 10 12 14 | 14.4
Short Blades   | 3 4 5 6 8 10 12 13 | 13.1
Dodging        | 3 4 |  4.6
Conjurations   | 1 2 |  2.7
Fighting       | 2 |  2.0
Invocations    | 2 |  2.4

Action                   |  1- 3 |  4- 6 |  7- 9 | 10-12 || total
-------------------------+-------+-------+-------+-------++-------
Melee: Dagger            |     5 |     7 |    24 |     8 ||    44
 Cast: Ensorcelled Hiber |       |       |     5 |       ||     5
       Confusing Touch   |       |       |     1 |       ||     1
  Use: Potion            |     2 |       |     3 |       ||     5
 Stab: Sleeping          |     5 |     7 |     8 |     6 ||    26
       Confused          |       |       |     1 |       ||     1
       Invisible         |       |       |       |     1 ||     1
Armor: Robe              |       |       |     2 |       ||     2
Dodge: Dodged            |       |       |     9 |     4 ||    13
